 Dungeon Crawl Stone Soup version 0.17-a0-1900-g45e8110 (webtiles) character file.

65 kae the Shooter (level 3, -1/24 HPs)
             Began as a High Elf Hunter on Sept 24, 2015.
             Slain by an adder (5 damage)
             ... on level 3 of the Dungeon.
             The game lasted 00:02:35 (3029 turns).

kae the Shooter (High Elf Hunter)                   Turns: 3029, Time: 00:02:35

Health: -1/24      AC:  5    Str: 11    XL:     3   Next: 92%
Magic:  4/4        EV: 17    Int: 15    God:
Gold:   258        SH:  0    Dex: 21    Spells: 0 memorised, 2 levels left

rFire  . . .     SeeInvis .     a - +1 shortbow
rCold  . . .     Clarity  .     d - +1 leather armour
rNeg   . . .     SustAt   .     (no shield)
rPois  +         Gourm    .     m - +0 helmet
rElec  .         Spirit   .     (no cloak)
rCorr  .         Warding  .     (no gloves)
rMut   .         Stasis   +     (no boots)
MR     .....                    h - amulet of stasis
Stlth  +++.......               f - ring of poison resistance
                                e - ring of wizardry

@: agile, not resistant to hostile enchantments, fairly stealthy
A: no striking features
a: no special abilities


You were on level 3 of the Dungeon.
You were hungry.

You visited 1 branch of the dungeon, and saw 3 of its levels.

You collected 258 gold pieces.

Inventory:

Hand weapons
 a - a +1 shortbow (weapon)
 b - a +0 short sword
Missiles
 c - 15 arrows (quivered)
Armour
 d - a +1 leather armour (worn)
 m - a +0 helmet (worn)
Jewellery
 e - a ring of wizardry (left hand)
 f - a ring of poison resistance (right hand)
 h - an amulet of stasis (around neck)
 q - an uncursed ring of flight {unknown}
Scrolls
 j - 2 scrolls of remove curse
 k - 5 scrolls of identify
 n - 3 scrolls of enchant armour
Potions
 g - a potion of agility
 i - a potion of invisibility
 l - a potion of heal wounds {unknown}
 o - 4 potions of curing {unknown}
 p - a potion of degeneration {unknown}
 r - a potion of brilliance {unknown}
 s - a potion of mutation {unknown}
 t - a potion of ambrosia {unknown}
 v - 2 potions of berserk rage {unknown}
 w - a potion of might {unknown}
Comestibles
 u - a beef jerky
 x - a meat ration
 z - 3 bread rations


   Skills:
 - Level 2.0 Fighting
 + Level 7.3 Bows
 - Level 2.1 Dodging
 - Level 1.1 Stealth


You had 2 spell levels left.
You didn't know any spells.

Dungeon Overview and Level Annotations

Branches:
Dungeon (3/15)

Altars:
Kikubaaqudgha


Message History

The adder bites you. The orc hits you but does no damage.
Found 22 bolts.
Found a stone staircase leading down.
You barely miss the adder. The adder barely misses you.
The orc hits you with a trident. The adder bites you.
You barely miss the adder. The adder closely misses you.
The orc closely misses you.
You barely miss the adder. The adder bites you.
The orc hits you but does no damage. The adder bites you.
Unknown command.
The orc hits you but does no damage. The adder bites you. The adder bites you.
* * * LOW HITPOINT WARNING * * *
a - a +1 shortbow (weapon)
The adder bites you.
* * * LOW HITPOINT WARNING * * *
Drink which item? (? for menu, Esc to quit)
You feel agile all of a sudden. The orc barely misses you. The adder bites you.
You die...

.................
#........###....
.#........# .
.........## .........#
<........# ...#####o#
. #S# #@# #.# #.# #.#
###
#####.##############..
#.....................
#.......############..
#.......# #..
#.......# #..


You could see an adder and an orc.

Vanquished Creatures
  An adder (D:3)
  2 worms (D:2)
  2 giant geckos
  An orc (D:3)
  8 bats
  2 goblins
  2 hobgoblins
  6 jackals
  9 kobolds
  A quokka (D:3)
  4 giant newts
  5 rats
  4 rat zombies (D:3)
47 creatures vanquished.

Notes
Turn   | Place    | Note
--------------------------------------------------------------
     0 | D:1      | kae the High Elf Hunter began the quest for the Orb.
     0 | D:1      | Reached XP level 1. HP: 14/14 MP: 2/2
   463 | D:1      | Reached XP level 2. HP: 16/19 MP: 3/3
   465 | D:1      | Reached skill level 6 in Bows
  1506 | D:2      | Reached XP level 3. HP: 24/24 MP: 4/4
  2548 | D:3      | Reached skill level 7 in Bows
  2608 | D:3      | Found an ancient bone altar of Kikubaaqudgha.
  3029 | D:3      | Slain by an adder

Vault maps used:
D:1:      dpeg_arrival_three_smaller_balls, st_stairs_6, grunt_decor_cap
D:2:      first_bread, grunt_ministairs_11
D:3:      lemuel_zombie_altar_kikubaaqudgha

Action                   || total
-------------------------++-------
Melee: Short sword       ||   188
 Fire: Shortbow          ||    13
  Use: Scroll            ||     5
       Potion            ||     1
 Stab: Sleeping          ||     1
  Eat: Chunk             ||     6
